 Dungeon Crawl Stone Soup version 0.30-a0-459-g9104f0fc43 (webtiles) character file.

Game seed: 9635901158954124487

868 cforsyth the Ruffian (level 7, -5/70 HPs)
             Began as a Troll Fighter on Dec 15, 2022.
             Slain by a troll (8 damage)
             ... on level 5 of the Dungeon.
             The game lasted 00:05:40 (3440 turns).

cforsyth the Ruffian (Troll Fighter)                Turns: 3440, Time: 00:05:40

Health: -5/70      AC:  4    Str: 25    XL:     7   Next: 73%
Magic:  6/6        EV:  8    Int:  6    God:
Gold:   225        SH:  8    Dex:  9    Spells: 6/6 levels left

rFire   . . .      SeeInvis .      - Unarmed
rCold   . . .      Faith    .    b - +0 kite shield
rNeg    . . .      Spirit   .    a - +0 robe
rPois   +          Reflect  .    (helmet restricted)
rElec   .          Harm     .    (no cloak)
rCorr   .          Rampage  .    (gloves unavailable)
Will    +....                    (boots unavailable)
Stlth   +.........               (no amulet)
HPRegen 1.11/turn                k - ring of poison resistance
MPRegen 0.10/turn                n - ring of willpower

@: no status effects
A: large, unfitting armour, claws 3, regeneration 1, shaggy fur 1, tough skin 1
a: no special abilities


You were on level 5 of the Dungeon.
You visited 1 branch of the dungeon, and saw 5 of its levels.

You collected 225 gold pieces.

Inventory:

Armour
 a - a +0 robe (worn)
 b - a +0 kite shield (worn)
Jewellery
 k - a ring of poison resistance (left claw)
 n - a ring of willpower (right claw)
Wands
 f - a wand of paralysis (8)
Scrolls
 h - 2 scrolls of amnesia
 i - 2 scrolls of teleportation {unknown}
 l - a scroll of enchant armour {unknown}
 m - a scroll of noise {unknown}
 o - a scroll of identify
Potions
 c - 2 potions of might
 d - a potion of curing
 e - 2 potions of brilliance
 g - a potion of flight
 j - a potion of invisibility


   Skills:
 + Level 4.3 Fighting
 - Level 2.4 Dodging
 + Level 4.8 Shields
 * Level 6.5 Unarmed Combat


You had 6 spell levels left.
You didn't know any spells.
Your spell library contained the following spells:

 Spells                   Type           Power      Damage    Failure   Level
 Necrotise                Necr           0%         1d4       73%         1
 Blink                    Tloc           0%         N/A       86%         2
 Ensorcelled Hibernation  Hex/Ice        0%         N/A       86%         2
 Momentum Strike          Conj/Tloc      0%         3d8       86%         2
 Gell's Gravitas          Tloc           0%         N/A       97%         3
 Lesser Beckoning         Tloc           0%         N/A       97%         3
 Spider Form              Tmut/Pois      0%         N/A       97%         3
 Teleport Other           Tloc           0%         N/A       97%         3
 Vampiric Draining        Necr           0%         2d6       97%         3
 Anguish                  Hex/Necr       0%         N/A       100%        4
 Agony                    Necr           0%         N/A       100%        5
 Dispersal                Tloc           0%         N/A       100%        6


Dungeon Overview and Level Annotations

Branches:
Dungeon (5/15)
 Temple: D:4-7

Altars:
Makhleb
Trog
Vehumet

Annotations:
D:5 3 runed translucent doors, cforsyth's ghost, novice TrFi


Innate Abilities, Weirdness & Mutations

You are too large for most types of armour.
You have claws for hands.
Your natural rate of healing is unusually fast.
You are covered in fur. (AC +1)
You have tough skin. (AC +1)


Message History

You see here a +3 war axe of flaming.
You open the door.
There is an open door here.
You pick up a There-And-Back Book and begin reading...
You add the spells Gell's Gravitas, Teleport Other and Dispersal to your library.
There is an open door here.
There is a stone staircase leading down here.
There is a stone staircase leading down here.
The centaur shouts!
You open the door.
The white imp shouts!
There is an open door here.
Cforsyth's ghost turns its malevolent gaze towards you.
There is an open door here.
There is a burning altar of Makhleb here.
You open the door.
There is an open door here.
A troll comes into view.
The troll shouts!
A troll is nearby!
You block the troll's attack. The troll claws you.
You block the troll's attack.
You closely miss the troll. The troll bites you! The troll claws you.
The troll claws you!
You are too injured to fight recklessly!
You are too injured to fight recklessly!
You are too injured to fight recklessly!
You are too injured to fight recklessly!
You are too injured to fight recklessly!
You are too injured to fight recklessly!
You scratch the troll.
The troll is lightly wounded.
The troll barely misses you. The troll claws you. The troll claws you!
* * * LOW HITPOINT WARNING * * *
You closely miss the troll. The troll bites you!
* * * LOW HITPOINT WARNING * * *
The troll claws you.
* * * LOW HITPOINT WARNING * * *
The troll claws you!
You die...

### #.#########
#..@T......
#.######### #.#
#.# #.# #####.##
#......#
###......#########
#.'...............


You could see a troll.

Vanquished Creatures
  2 black bears (D:5)
  An ice beast (D:5)
  2 ogres (D:5)
  2 hounds
  A gnoll bouda (D:4)
  An orc priest (D:4)
  An iguana (D:5)
  2 orc wizards
  5 gnolls
  6 adders
  4 worms
  4 dart slugs
  12 orcs
  13 endoplasms
  6 giant cockroaches
  7 goblins
  6 hobgoblins
  4 jackals
  6 quokkas
  6 ball pythons
  6 bats
  2 frilled lizards (D:1)
  10 kobolds
  7 rats
116 creatures vanquished.

Notes
Turn   | Place    | Note
-------+----------+-------------------------------------------
     0 | D:1      | cforsyth the Troll Fighter began the quest for the Orb.
     0 | D:1      | Reached XP level 1. HP: 22/22 MP: 0/0
     1 | D:1      | Found a runed translucent door.
   156 | D:1      | Reached XP level 2. HP: 29/29 MP: 1/1
   657 | D:1      | Reached XP level 3. HP: 36/36 MP: 2/2
   900 | D:2      | Reached skill level 3 in Unarmed Combat
  1123 | D:2      | You fall into a shaft and drop 1 floor!
  1139 | D:3      | Reached XP level 4. HP: 44/44 MP: 3/3
  1727 | D:3      | Found a bloodstained altar of Trog.
  1727 | D:3      | Found a radiant altar of Vehumet.
  1884 | D:3      | Reached skill level 4 in Unarmed Combat
  1884 | D:3      | Reached XP level 5. HP: 52/53 MP: 4/4
  2382 | D:4      | Reached XP level 6. HP: 61/61 MP: 5/5
  2507 | D:5      | Entered Level 5 of the Dungeon
  2507 | D:5      | Found a burning altar of Makhleb.
  2572 | D:5      | Reached skill level 5 in Unarmed Combat
  2653 | D:5      | Noticed an ice beast
  2665 | D:5      | Killed an ice beast
  2743 | D:5      | Found a runed translucent gate.
  2743 | D:5      | Found a runed translucent gate.
  2743 | D:5      | Found a runed translucent gate.
  2760 | D:5      | Noticed cforsyth's ghost (novice TrFi)
  2779 | D:5      | Reached XP level 7. HP: 68/68 MP: 6/6
  2961 | D:5      | Reached skill level 6 in Unarmed Combat
  3435 | D:5      | Noticed a troll
  3440 | D:5      | HP: 3/70 [troll (6)]
  3440 | D:5      | Slain by a troll

Illustrated notes

Levels and vault maps discovered:
D:1:      dpeg_arrival_caged_fury, layout_basic, fountainhead, hex_large,
          st_stairs_13
D:2:      layout_basic
D:3:      layout_loops_ring, jmf_multi_god_temple
D:4:      layout_rooms
D:5:      layout_basic, mainiacjoe_overflow_small_starburst,
          gammafunk_ghost_split, kennysheep_another_room

Skill      XL: |  1  2  3  4  5  6  7 |
---------------+----------------------+-----
Shields        | 3 4 |  4.8
Unarmed Combat | 3 4 5 6 |  6.5
Fighting       | 3 4 |  4.3
Dodging        | |  2.4

Action                   |  1- 3 |  4- 6 |  7- 9 || total
-------------------------+-------+-------+-------++-------
Melee: Unarmed           |   118 |   154 |    48 ||   320
  Use: Potion            |       |     1 |       ||     1
       Scroll            |       |     4 |       ||     4
 Stab: Sleeping          |     1 |       |       ||     1
Armor: Robe              |    46 |    33 |    13 ||    92
Dodge: Dodged            |    46 |    54 |    18 ||   118
Block: Kite shield       |    41 |    57 |    26 ||   124

Table legend: (Time is in decaauts)
 A = Elapsed time spent in this place.
 B = Non-inter-level travel time spent in this place.
 C = Inter-level travel time spent in this place.
 D = Time resting spent in this place.
 E = Time spent auto-exploring this place.
 F = Levels seen in this place.
 G = Mean time per level.
                   A        B        C        D        E       F      G
               +--------+--------+--------+--------+--------+-----+--------+
         Total |   3463 |   3389 |     74 |     35 |   2513 |   5 |  692.6 |
       Dungeon |   3463 |   3389 |     74 |     35 |   2513 |   5 |  692.6 |
               +--------+--------+--------+--------+--------+-----+--------+

Top non-repeatable levels by time:
     D:5: 879 daAuts
     D:2: 756 daAuts
     D:3: 697 daAuts
     D:1: 671 daAuts
     D:4: 457 daAuts
